 Dungeon Crawl Stone Soup version 0.31-a0-175-g9f7f995f2b (webtiles) character file.

Game seed: 15957403467392716928

181098 qw the Marksgargoyle (level 18, -1/125 HPs)
             Began as a Gargoyle Hunter on June 17, 2023.
             Was an Elder of Okawaru.
             Slain by a naga warrior
             ... wielding a +0 mace
              (8 damage)
             ... on level 4 of the Snake Pit.
             The game lasted 00:19:01 (30534 turns).

qw the Marksgargoyle (Gargoyle Hunter)             Turns: 30534, Time: 00:19:01

Health: -1/125     AC: 46    Str: 16    XL:     18   Next: 29%
Magic:  20/25      EV: 30    Int: 15    God:    Okawaru [****..]
Gold:   1148       SH:  5    Dex: 29    Spells: 17/17 levels left

rFire   x . .        A - +7 longbow "Goblin's Funeral" {elec, rF- Int+4 Dex+4}
rCold   . . .        (shield currently unavailable)
rNeg    + . .        s - +6 acid dragon scales
rPois   inf          r - +2 hat {Stlth+}
rElec   +            p - +1 cloak
rCorr   +            c - +2 pair of gloves {hurl}
SInv    .            j - +2 pair of boots {Stlth+}
Will    +....        t - amulet of reflection
Stlth   ++++++       w - +6 ring of dexterity
HPRegen 0.40/turn    v - +4 ring of protection
MPRegen 0.19/turn

%: reflection
@: about to teleport, heroic, marked, weakened, flying
A: sickness immunity, AC +13, big wings, negative energy resistance 1,
electricity resistance, torment resistance 1, petrification resistance
a: Renounce Religion, Heroism, Finesse


You were on level 4 of the Snake Pit.
You worshipped Okawaru.
Okawaru was greatly pleased with you.
You visited 5 branches of the dungeon, and saw 29 of its levels.
You also visited: Ossuary and Gauntlet.

You collected 2494 gold pieces.
You spent 1346 gold pieces at shops.


Innate Abilities, Weirdness & Mutations

You are immune to sickness and miasma.
Your stone body is resilient. (AC +13)
You are immune to poison.
Your large and strong wings let you fly.
You resist negative energy. (rN+)
You are resistant to electric shocks. (rElec)
You are resistant to unholy torment.
You are immune to petrification.


   Skills:
 + Level 18.0(23.0) Fighting
 - Level 20.0(25.0) Ranged Weapons
 - Level 12.0(17.0) Armour
 - Level 13.0(18.0) Dodging
 - Level 1.1(6.1) Stealth
 - Level 10.0 Invocations


You had 17 spell levels left.
You didn't know any spells.
Your spell library was empty.

Inventory:

Hand Weapons
 x - the +11 arbalest of Starshine {speed, Str+4}
   (You found it on level 11 of the Dungeon)

   Str:       It affects your strength (+4).
 A - the +7 longbow "Goblin's Funeral" (weapon) {elec, rF- Int+4 Dex+4}
   (Okawaru gifted it to you on level 12 of the Dungeon)

   Int:       It affects your intelligence (+4).
   Dex:       It affects your dexterity (+4).
   rF:        It makes you vulnerable to fire.
 F - a +3 longbow of freezing
Armour
 c - a +2 pair of gloves of hurling (worn)
 j - a +2 pair of boots of stealth (worn)
 p - a +1 cloak (worn)
 r - a +2 hat of stealth (worn)
 s - +6 acid dragon scales (worn)
 C - a +2 robe of resistance
Jewellery
 d - a ring of protection from fire
 t - an amulet of reflection (around neck)
 v - a +4 ring of protection (right hand)
 w - a +6 ring of dexterity (left hand)
 y - a ring of protection from cold
 z - the ring of Vamoetall {rCorr Str+3 Int+6 Stlth-}
   (You took it off a minotaur in a Gauntlet)

   [ring of intelligence]

   Str:       It affects your strength (+3).
   Int:       It affects your intelligence (+6).
   rCorr:     It protects you from acid and corrosion.
   Stlth:     It makes you less stealthy.
Wands
 u - a wand of digging (16)
Scrolls
 k - 7 scrolls of teleportation
 l - 15 scrolls of identify
 n - a scroll of brand weapon
 G - 2 scrolls of enchant weapon
Potions
 a - 8 potions of might
 b - 10 potions of curing
 e - 12 potions of enlightenment
 f - 4 potions of lignification
 h - 4 potions of haste
 i - a potion of resistance
 m - 6 potions of attraction
 o - 4 potions of magic
 q - 4 potions of mutation
 B - 2 potions of cancellation

Dungeon Overview and Level Annotations

Branches:
Dungeon (15/15)            Temple (0/1) D:6            Lair (5/5) D:10
  Swamp (3/4) Lair:3        Snake (4/4) Lair:3        Slime (0/5) Lair:4
    Orc (2/2) D:9             Elf (0/3) Orc:2        Vaults (0/5) D:13
 Depths (0/4) D:15        Ossuary (visited)         Gauntlet (visited)

Altars:
Cheibriados
Dithmenos
Elyvilon
Fedhas
Gozag
Kikubaaqudgha
Makhleb
Nemelex Xobeh
Okawaru
Qazlal
Ru
Sif Muna
Uskayaw
Vehumet
Yredelemnul
Zin
The Shining One
Jiyva

Shops:
D:3 *   D:4 [   D:7 ?   D:9 [(   D:11 *   Orc:2 (::?   Snake:1 *   Snake:3 [

Portals:
Trove: D:10 (give ring "Mony")

Annotations:
D:3 2 runed translucent doors, qw's ghost, amateur GrFi
D:7 1 runed translucent door, qw's ghost, novice GrFi
D:11 3 runed translucent doors, qw's ghost, journeyman GrFi
Lair:5 1 runed translucent door, qw's ghost, journeyman GrFi


Message History

The nagaraja spits poison at you.
The splash of poison hits you but does no damage.
You resist.
The naga sharpshooter shoots a bolt.
The bolt misses you.
The salamander mystic gestures at the naga while chanting.
The naga seems to speed up.
You shoot an arrow. The naga warrior blocks the arrow.
The naga no longer looks unusually strong.
You block the salamander's attack. The naga spits poison at you.
The splash of poison misses you.
The naga sharpshooter casts a spell.
The naga sharpshooter magically shoots a bolt.
The bolt hits you but does no damage.
You shoot an arrow.
The arrow barely misses the naga warrior.
The walls and floor vibrate strangely for a moment.
The nagaraja looks more healthy.
The nagaraja gestures at you while chanting.
The bolt of poison hits the naga!
The bolt of poison hits you but does no damage.
You resist. The salamander completely misses you.
The salamander mystic casts a spell at the naga sharpshooter.
The naga sharpshooter seems to speed up.
The naga warrior hits you but does no damage.
The naga warrior completely misses you.
The naga sharpshooter spits poison at you.
The splash of poison misses you.
You shoot an arrow. The arrow hits the naga warrior!!!
The naga warrior is heavily wounded.
The naga sharpshooter no longer looks unusually strong.
The salamander mystic no longer looks unusually strong.
The salamander closely misses you. You block the naga's attack.
The naga closely misses you.
You shoot an arrow. The arrow hits the naga warrior.
The naga warrior is heavily wounded.
The salamander closely misses you. The black mamba completely misses you.
The nagaraja casts a spell.
The nagaraja seems to speed up.
The naga warrior hits you with a +0 mace!
You die...

#......# #......#
#..#...# #......#
#......#
######......#####
##................
.......@..NN...N..
..)...NNS.NN.....
........NNNN)%.
..#####.NNNN)## #
#.NN.)N# #....N)#
#....%(# #
#).....#
..#####)...S.###


You could see 2 nagarajas, a naga warrior (curare), 3 naga sharpshooters, 2
salamander mystics, 2 salamanders, a naga ritualist, a black mamba and 7 nagas.

Vanquished Creatures
  A tentacled monstrosity (Swamp:3)
  Jorgrun (Swamp:2)
  A fenstrider witch (Swamp:3)
  A thorn hunter (Swamp:2)
  A nagaraja (Snake:4)
  2 fire giants
  An orc warlord (Orc:2)
  A very ugly thing (Snake:4)
  4 eleionomae
  6 bunyips
  A minotaur (Gauntlet)
  An ice dragon (D:14)
  Harold (Lair:2)
  Fannar (D:11)
  3 salamander tyrants (Snake:4)
  Erica (D:11)
  2 centaur warriors
  13 hydras
  7 anacondas
  5 ghost crabs
  5 two-headed ogres
  8 alligators
  4 boulder beetles
  2 tengu warriors
  9 death yaks
  4 orc high priests (Orc:2)
  Urug (Lair:1)
  11 naga warriors
  Nergalle (Orc:1)
  3 demonic crawlers (D:13)
  7 shock serpents
  9 naga sharpshooters
  Sonja (D:13)
  5 skeletal warriors (D:13)
  3 salamander mystics (Snake:4)
  4 goliath frogs
  A death drake (shapeshifter) (D:14)
  2 spriggan druids (Swamp:2)
  A flayed ghost (D:14)
  A bog body (Swamp:1)
  4 orc knights (Orc:2)
  A wizard (D:15)
  2 swamp dragons
  2 naga ritualists (Snake:2)
  A wolf spider (D:15)
  8 orc sorcerers
  3 manticores
  9 ugly things
  9 mana vipers
  6 salamanders
  3 cyclopes
  16 elephants
  3 will-o-the-wisps
  2 guardian serpents
  7 naga magi
  36 black mambas
  2 gargoyles (D:13)
  6 cane toads
  An unseen horror (D:12)
  12 komodo dragons
  Maggie (D:8)
  A minotaur zombie (Gauntlet)
  2 freezing wraiths
  A kobold demonologist (D:10)
  Psyche (D:8)
  6 rime drakes
  2 tengu conjurers
  12 trolls
  A bloated husk (Swamp:3)
  6 tyrant leeches
  5 polar bears
  12 hornets
  A dream sheep (Lair:5)
  8 blink frogs
  3 flying skulls (Gauntlet)
  22 slime creatures
  2 shadows (D:12)
  5 wraiths
  47 yaks
  3 vampires
  16 spriggans
  13 wyverns
  A hog (shapeshifter) (D:14)
  7 basilisks
  12 vampire mosquitoes
  2 steam dragons
  8 swamp worms
  39 nagas
  6 wargs (Orc:2)
  An acid dragon (D:9)
  18 water moccasins
  3 hell hounds
  A sky beast (D:6)
  6 swamp drakes
  A hornet zombie (Ossuary)
  10 black bears
  38 orc warriors
  A black bear (shapeshifter) (D:14)
  11 ogres
  29 wolves
  5 boggarts (Lair:5)
  A phantom (D:7)
  13 centaurs
  2 kobold brigands
  10 bullfrogs
  2 wyvern zombies (Ossuary)
  3 scorpions
  9 wights
  21 killer bees
  A howler monkey (D:14)
  2 electric eels (Lair:5)
  4 centaur zombies (Ossuary)
  8 bullfrog zombies (Ossuary)
  4 jellies
  30 orc priests
  2 hounds (D:6)
  9 mummies
  3 iguanas
  29 orc wizards
  9 hell rats (Lair:4)
  3 killer bee zombies (Ossuary)
  2 howler monkey zombies (Ossuary)
  4 gnolls (D:8)
  7 adders
  A shadow imp (D:8)
  2 worms
  3 dart slugs
  101 orcs
  6 endoplasms
  8 giant cockroaches
  4 goblins
  7 hobgoblins
  19 kobolds
  3 quokkas
  6 ball pythons
  5 bats
  6 frilled lizards
  4 rats
991 creatures vanquished.

Vanquished Creatures (others)
  A spriggan druid (Swamp:2)
  A bloated husk (Swamp:2)
  An orc warrior (Orc:2)
  An orc priest (Orc:2)
  12 foxfires
16 creatures vanquished.

Grand Total: 1007 creatures vanquished

Notes
Turn   | Place    | Note
-------+----------+-------------------------------------------
     0 | D:1      | qw the Gargoyle Hunter began the quest for the Orb.
     0 | D:1      | Reached XP level 1. HP: 12/12 MP: 1/1
     0 | D:1      | 0 ||| qw: Version: 0.3-a-2-g5ab2908
     0 | D:1      | 0 ||| qw: Game counter: 252
     0 | D:1      | 0 ||| qw: Always use a shield: true
     0 | D:1      | 0 ||| qw: God list: Okawaru
     0 | D:1      | 0 ||| qw: Allow faded altars: false
     0 | D:1      | 0 ||| qw: Do Orc after D:15 true
     0 | D:1      | 0 ||| qw: Do second Lair branch before Depths: true
     0 | D:1      | 0 ||| qw: Lair rune preference: random
     0 | D:1      | 0 ||| qw: Plans: Normal, Zot:1-4, Slime:5, God:TSO, Crypt,
                  | Tomb, Abyss, Pan, Hells, Win
     0 | D:1      | 0 ||| PLANNING D:1-11
   114 | D:1      | Reached XP level 2. HP: 17/17 MP: 2/2
   552 | D:1      | 552 ||| UPGRADING to +0 ring mail.
   562 | D:1      | 562 ||| DROPPING +0 leather armour.
   563 | D:1      | 563 ||| DROPPING ring of wizardry.
   564 | D:1      | 564 ||| READING scroll labelled VIYFOZ ORIU.
   565 | D:1      | 565 ||| READING scroll labelled POXOAPT PURA.
   566 | D:1      | 566 ||| READING scroll labelled DAITUL GYJUUNG.
   571 | D:1      | 571 ||| READING scroll labelled MUTSUPPAYW.
   572 | D:1      | 572 ||| DROPPING scroll of butterflies.
   666 | D:2      | Reached XP level 3. HP: 21/21 MP: 3/3
   678 | D:2      | Reached skill level 1 in Armour
   685 | D:2      | Found a blossoming altar of Fedhas.
   721 | D:2      | Reached skill level 5 in Ranged Weapons
   763 | D:2      | 763 ||| FLEEEEING.
   764 | D:2      | 764 ||| FLEEEEING.
   765 | D:2      | 765 ||| FLEEEEING.
   767 | D:2      | 767 ||| FLEEEEING.
   815 | D:2      | Reached XP level 4. HP: 27/27 MP: 4/4
   912 | D:2      | Reached skill level 3 in Fighting
   928 | D:2      | 928 ||| FLEEEEING.
   929 | D:2      | 929 ||| FLEEEEING.
   930 | D:2      | 930 ||| FLEEEEING.
   931 | D:2      | 931 ||| FLEEEEING.
   932 | D:2      | 932 ||| FLEEEEING.
   933 | D:2      | 933 ||| FLEEEEING.
   934 | D:2      | 934 ||| FLEEEEING.
  1067 | D:2      | 1067 ||| UPGRADING to ring of protection from cold.
  1068 | D:2      | 1068 ||| READING scroll labelled PUMAMM BILYISH.
  1068 | D:2      | Identified a scroll of acquirement
  1068 | D:2      | 1068 ||| ACQUIRING +0 orcbow of draining
  1068 | D:2      | Acquired a +0 orcbow of draining
  1070 | D:2      | 1070 ||| SWAPPING to +0 orcbow of draining.
  1107 | D:3      | Found a shimmering blue altar of Sif Muna.
  1118 | D:3      | Found Gozag's Platinum Reserve.
  1187 | D:3      | Found a large runed translucent door.
  1192 | D:3      | Found a large runed translucent door.
  1194 | D:3      | Noticed qw's ghost (amateur GrFi)
  1244 | D:3      | Found a glowing golden altar of the Shining One.
  1481 | D:3      | Found an opulent altar of Gozag.
  1506 | D:3      | 1506 ||| SHOPLISTING +1 cloak of the Locust {Str+3 Dex+3}
                  | (2910 gold, have 202).
  1506 | D:3      | 1506 ||| SHOPLISTING +2 leather armour "Suimmal" {rCorr
                  | Slay+3} (3720 gold, have 202).
  1506 | D:3      | 1506 ||| SHOPLISTING ring "Mony" {*Slow rN+++ Will+ Str+4}
                  | (5580 gold, have 202).
  1561 | D:3      | Reached XP level 5. HP: 32/32 MP: 5/5
  1602 | D:3      | Found a white marble altar of Elyvilon.
  1692 | D:3      | 1692 ||| READING scroll labelled YTTAR ZANAOT.
  1693 | D:3      | 1693 ||| DRINKING 2 glowing amethyst potions.
  1694 | D:3      | 1694 ||| DROPPING potion of brilliance.
  1879 | D:4      | Found Moyruesh's Antique Armour Shop.
  1890 | D:4      | 1890 ||| BUYING pair of glowing boots (150 gold).
  1890 | D:4      | Bought a pair of glowing boots for 150 gold pieces
  1890 | D:4      | 1890 ||| SHOPLISTING runed leather armour (100 gold, have
                  | 80).
  1890 | D:4      | 1890 ||| SHOPLISTING smouldering cloak (190 gold, have 80).
  1957 | D:4      | Found a sparkling altar of Nemelex Xobeh.
  1961 | D:4      | Found a glowing silver altar of Zin.
  1962 | D:4      | Found a shadowy altar of Dithmenos.
  2260 | D:4      | 2260 ||| UPGRADING to +2 pair of boots of stealth.
  2265 | D:4      | 2265 ||| READING scroll labelled FEUREECAIV.
  2266 | D:4      | 2266 ||| DRINKING 2 puce potions.
  2298 | D:5      | Entered Level 5 of the Dungeon
  2305 | D:5      | Reached skill level 6 in Ranged Weapons
  2336 | D:5      | Reached XP level 6. HP: 38/38 MP: 6/6
  2779 | D:5      | Found an iron altar of Okawaru.
  2780 | D:5      | 2780 ||| PLANNING OKAWARU WORSHIP
  2780 | D:5      | 2780 ||| READING scroll labelled CIKIOSSATOE.
  2781 | D:5      | 2781 ||| DRINKING 2 viscous puce potions.
  2782 | D:5      | 2782 ||| READING 3 scrolls of identify.
  2782 | D:5      | 2782 ||| IDENTIFYING red potion
  2783 | D:5      | 2783 ||| READING 2 scrolls of identify.
  2783 | D:5      | 2783 ||| IDENTIFYING glowing emerald potion
  2784 | D:5      | 2784 ||| DROPPING potion of ambrosia.
  2792 | D:5      | Became a worshipper of Warmaster Okawaru
  2793 | D:5      | 2793 ||| PLANNING D:1-11
  2922 | D:6      | Noticed a black bear
  2931 | D:6      | Killed a black bear
  2932 | D:6      | Reached skill level 7 in Ranged Weapons
  2932 | D:6      | Reached XP level 7. HP: 43/43 MP: 7/7
  2984 | D:6      | HP: 10/43 [something/magic dart (7)]
  3170 | D:6      | Reached skill level 8 in Ranged Weapons
  3256 | D:6      | Reached * piety under Okawaru
  3278 | D:6      | 3278 ||| INVOKING Heroism.
  3279 | D:6      | 3279 ||| INVOKING Heroism.
  3320 | D:6      | Found an ancient bone altar of Kikubaaqudgha.
  3321 | D:6      | Found a blossoming altar of Fedhas.
  3383 | D:6      | Reached skill level 1 in Invocations
  3545 | D:6      | Reached XP level 8. HP: 48/49 MP: 7/9
  3569 | D:6      | Found a staircase to the Ecumenical Temple.
  3622 | D:6      | 3622 ||| INVOKING Heroism.
  3635 | D:6      | Reached skill level 3 in Invocations
  3829 | D:6      | 3829 ||| READING scroll labelled FAFYP SUASYUB.
  3830 | D:6      | 3830 ||| READING 3 scrolls of identify.
  3830 | D:6      | 3830 ||| IDENTIFYING sedimented brown potion
  3831 | D:6      | 3831 ||| READING 2 scrolls of identify.
  3831 | D:6      | 3831 ||| IDENTIFYING smoky white potion
  3857 | D:7      | 3857 ||| INVOKING Heroism.
  3943 | D:7      | 3943 ||| INVOKING Heroism.
  3960 | D:7      | Reached skill level 9 in Ranged Weapons
  3979 | D:7      | 3979 ||| FLEEEEING.
  3980 | D:7      | 3980 ||| FLEEEEING.
  4088 | D:7      | Found Zoch's Magic Scroll Boutique.
  4119 | D:7      | Reached skill level 6 in Fighting
  4119 | D:7      | Reached XP level 9. HP: 55/55 MP: 12/12
  4126 | D:7      | Reached ** piety under Okawaru
  4129 | D:7      | 4129 ||| INVOKING Heroism.
  4133 | D:7      | 4133 ||| Stepping ~*~*~tactically~*~*~ (outnumbered).
  4146 | D:7      | 4146 ||| DRINKING 4 potions of curing.
  4146 | D:7      | 4146 ||| (to cure confusion)
  4159 | D:7      | Reached skill level 10 in Ranged Weapons
  4159 | D:7      | 4159 ||| DRINKING 3 potions of curing.
  4159 | D:7      | 4159 ||| (to cure confusion)
  4262 | D:7      | Found a runed translucent door.
  4262 | D:7      | Noticed qw's ghost (novice GrFi)
  4262 | D:7      | Noticed a tengu warrior
  4283 | D:7      | Found a hide-covered altar of Uskayaw.
  4292 | D:7      | 4292 ||| Stepping ~*~*~tactically~*~*~ (outnumbered).
  4297 | D:7      | 4297 ||| Stepping ~*~*~tactically~*~*~ (outnumbered).
  4317 | D:7      | 4317 ||| INVOKING Heroism.
  4575 | D:7      | 4575 ||| READING 2 scrolls of identify.
  4575 | D:7      | 4575 ||| IDENTIFYING viscous sapphire potion
  4604 | D:8      | 4604 ||| PLANNING OSSUARY
  4604 | D:8      | 4604 ||| INVOKING Heroism.
  4674 | D:8      | Noticed Psyche
  4675 | D:8      | 4675 ||| INVOKING Heroism.
  4676 | D:8      | 4676 ||| Stepping ~*~*~tactically~*~*~ (outnumbered).
  4679 | D:8      | 4679 ||| Stepping ~*~*~tactically~*~*~ (outnumbered).
  4685 | D:8      | 4685 ||| DRINKING 2 potions of curing.
  4685 | D:8      | 4685 ||| (to cure confusion)
  4688 | D:8      | 4688 ||| Stepping ~*~*~tactically~*~*~ (outnumbered).
  4688 | D:8      | Killed Psyche
  4689 | D:8      | 4689 ||| Stepping ~*~*~tactically~*~*~ (outnumbered).
  4692 | D:8      | Reached skill level 11 in Ranged Weapons
  4701 | D:8      | 4701 ||| INVOKING Heroism.
  4713 | D:8      | Reached skill level 3 in Dodging
  4717 | D:8      | 4717 ||| INVOKING Heroism.
  4726 | D:8      | Reached skill level 3 in Armour
  4727 | D:8      | HP: 7/57 [something/puff of flame (9)]
  4792 | D:8      | Noticed Maggie
  4793 | D:8      | 4793 ||| FLEEEEING.
  4794 | D:8      | 4794 ||| FLEEEEING.
  4795 | D:8      | 4795 ||| FLEEEEING.
  4796 | D:8      | 4796 ||| FLEEEEING.
  4917 | D:8      | Found a sacrificial altar of Ru.
  4950 | D:8      | Found a sand-covered staircase.
  4951 | D:8      | 4951 ||| UPGRADING to +2 robe.
  4961 | D:8      | 4961 ||| DROPPING +0 ring mail.
  4962 | D:8      | 4962 ||| UPGRADING to +0 cloak.
  4975 | Ossuary  | Entered an ossuary
  4983 | Ossuary  | Reached XP level 10. HP: 63/63 MP: 13/13
  5057 | Ossuary  | 5057 ||| Stepping ~*~*~tactically~*~*~ (water).
  5095 | Ossuary  | 5095 ||| Stepping ~*~*~tactically~*~*~ (water).
  5128 | Ossuary  | Reached *** piety under Okawaru
  5227 | Ossuary  | 5227 ||| INVOKING Heroism.
  5305 | Ossuary  | 5305 ||| READING scroll of enchant armour.
  5305 | Ossuary  | 5305 ||| ENCHANTING +0 cloak.
  5328 | Ossuary  | 5328 ||| Stepping ~*~*~tactically~*~*~ (water).
  5381 | Ossuary  | 5381 ||| INVOKING Heroism.
  5527 | Ossuary  | 5527 ||| UPGRADING to amulet of reflection.
  5532 | Ossuary  | 5532 ||| UPGRADING to +4 ring of protection.
  5533 | Ossuary  | 5533 ||| READING 2 scrolls labelled BEDDAZ NUEXA.
  5534 | Ossuary  | 5534 ||| READING scroll labelled IBELEO POMOR UKH.
  5576 | Ossuary  | 5576 ||| READING scroll labelled IKLAEGURAA.
  5577 | Ossuary  | 5577 ||| DRINKING 2 murky yellow potions.
  5578 | Ossuary  | 5578 ||| READING 3 scrolls of identify.
  5578 | Ossuary  | 5578 ||| IDENTIFYING lumpy green potion
  5579 | Ossuary  | 5579 ||| READING 2 scrolls of identify.
  5579 | Ossuary  | 5579 ||| IDENTIFYING amethyst potion
  5580 | Ossuary  | 5580 ||| DROPPING scroll of fear.
  5581 | Ossuary  | 5581 ||| DROPPING potion of invisibility.
  5602 | D:8      | 5602 ||| PLANNING D:1-11
  5622 | D:8      | 5622 ||| INVOKING Heroism.
  5658 | D:8      | Killed Maggie
  5659 | D:8      | Reached skill level 12 in Ranged Weapons
  5725 | D:8      | 5725 ||| UPGRADING to +0 acid dragon scales.
  5735 | D:8      | 5735 ||| DROPPING +2 robe.
  5736 | D:8      | 5736 ||| READING scroll labelled GOAFEM MOMNOE.
  5736 | D:8      | Found a burning altar of Makhleb.
  5737 | D:8      | 5737 ||| READING scroll labelled GENIUDO LUST.
  5773 | D:7      | 5773 ||| Stepping randomly (stuck).
  5842 | D:8      | 5842 ||| INVOKING Heroism.
  5843 | D:8      | 5843 ||| Stepping ~*~*~tactically~*~*~ (outnumbered).
  5871 | D:8      | 5871 ||| INVOKING Heroism.
  5873 | D:8      | 5873 ||| Stepping ~*~*~tactically~*~*~ (outnumbered).
  5886 | D:8      | 5886 ||| Stepping ~*~*~tactically~*~*~ (cloud).
  5912 | D:7      | 5912 ||| BUYING scroll of enchant armour (105 gold).
  5912 | D:7      | Bought a scroll of enchant armour for 105 gold pieces
  5912 | D:7      | 5912 ||| BUYING scroll of enchant weapon (105 gold).
  5912 | D:7      | Bought a scroll of enchant weapon for 105 gold pieces
  5912 | D:7      | 5912 ||| BUYING scroll of identify (28 gold).
  5912 | D:7      | Bought a scroll of identify for 28 gold pieces
  5912 | D:7      | 5912 ||| BUYING scroll of teleportation (42 gold).
  5912 | D:7      | Bought a scroll of teleportation for 42 gold pieces
  5912 | D:7      | 5912 ||| BUYING scroll of teleportation (42 gold).
  5912 | D:7      | Bought a scroll of teleportation for 42 gold pieces
  5912 | D:7      | 5912 ||| READING scroll of enchant armour.
  5912 | D:7      | 5912 ||| ENCHANTING +0 acid dragon scales.
  5913 | D:7      | 5913 ||| READING scroll of enchant weapon.
  5913 | D:7      | 5913 ||| ENCHANTING +1 orcbow of draining.
  5914 | D:7      | 5914 ||| Stepping randomly (stuck).
  5938 | D:8      | 5938 ||| DROPPING +0 shortbow.
  6254 | D:9      | Found a radiant altar of Vehumet.
  6546 | D:9      | 6546 ||| INVOKING Heroism.
  6565 | D:9      | Found Reysatil's Armour Boutique.
  6567 | D:9      | Found a staircase to the Orcish Mines.
  6568 | D:9      | Found Hoerisi's Weapon Boutique.
  6791 | D:9      | Reached skill level 13 in Ranged Weapons
  6872 | D:9      | 6872 ||| INVOKING Heroism.
  6950 | D:10     | Entered Level 10 of the Dungeon
  6979 | D:10     | Reached skill level 9 in Fighting
  7020 | D:10     | Noticed a kobold demonologist
  7028 | D:10     | Killed a kobold demonologist
  7029 | D:10     | Reached XP level 11. HP: 71/71 MP: 14/14
  7049 | D:10     | Reached **** piety under Okawaru
  7072 | D:10     | 7072 ||| INVOKING Heroism.
  7177 | D:10     | 7177 ||| READING scroll of enchant weapon.
  7177 | D:10     | 7177 ||| ENCHANTING +2 orcbow of draining.
  7182 | D:10     | Found a staircase to the Lair.
  7477 | D:10     | 7477 ||| READING scroll of enchant weapon.
  7477 | D:10     | 7477 ||| ENCHANTING +3 orcbow of draining.
  7499 | D:10     | Found a portal to a secret trove of treasure.
  7748 | D:10     | Found a snail-covered altar of Cheibriados.
  7794 | D:10     | 7794 ||| PLANNING LAIR
  7794 | D:10     | 7794 ||| READING scroll labelled ZOASIC PENE.
  7795 | D:10     | 7795 ||| READING 2 scrolls of identify.
  7795 | D:10     | 7795 ||| IDENTIFYING fizzy dark potion
  7796 | D:10     | 7796 ||| DROPPING potion of degeneration.
  7862 | Lair:1   | Entered Level 1 of the Lair of Beasts
  7863 | Lair:1   | 7863 ||| INVOKING Heroism.
  7919 | Lair:1   | 7919 ||| INVOKING Heroism.
  7924 | Lair:1   | Reached skill level 6 in Invocations
  7975 | Lair:1   | Received a gift from Okawaru
  8035 | Lair:1   | 8035 ||| INVOKING Heroism.
  8177 | Lair:1   | 8177 ||| INVOKING Heroism.
  8180 | Lair:1   | Reached skill level 14 in Ranged Weapons
  8208 | Lair:1   | 8208 ||| INVOKING Heroism.
  8309 | Lair:1   | Noticed Urug
  8310 | Lair:1   | 8310 ||| INVOKING Heroism.
  8318 | Lair:1   | Killed Urug
  8424 | Lair:1   | 8424 ||| INVOKING Heroism.
  8558 | Lair:1   | 8558 ||| INVOKING Heroism.
  8663 | Lair:1   | 8663 ||| READING scroll labelled HOWAUNAEXI.
  8682 | Lair:2   | 8682 ||| READING scroll of enchant weapon.
  8682 | Lair:2   | 8682 ||| ENCHANTING +4 orcbow of draining.
  8718 | Lair:2   | Noticed a seven-headed hydra
  8719 | Lair:2   | 8719 ||| INVOKING Heroism.
  8724 | Lair:2   | Killed a seven-headed hydra
  8798 | Lair:2   | Noticed a death yak
  8798 | Lair:2   | Noticed a death yak
  8798 | Lair:2   | Noticed a death yak
  8798 | Lair:2   | Noticed a death yak
  8799 | Lair:2   | 8799 ||| INVOKING Heroism.
  8799 | Lair:2   | Noticed Harold
  8799 | Lair:2   | Noticed a death yak
  8804 | Lair:2   | Killed a death yak
  8804 | Lair:2   | Received a gift from Okawaru
  8805 | Lair:2   | Reached XP level 12. HP: 77/77 MP: 15/18
  8818 | Lair:2   | Killed a death yak
  8818 | Lair:2   | Reached ***** piety under Okawaru
  8819 | Lair:2   | 8819 ||| INVOKING Finesse.
  8828 | Lair:2   | Killed a death yak
  8829 | Lair:2   | Reached skill level 9 in Invocations
  8843 | Lair:2   | Killed a death yak
  8849 | Lair:2   | Killed a death yak
  8854 | Lair:2   | Killed Harold
  8954 | Lair:2   | 8954 ||| INVOKING Heroism.
  9110 | Lair:2   | Reached skill level 15 in Ranged Weapons
  9388 | Lair:2   | 9388 ||| INVOKING Heroism.
  9397 | Lair:2   | Received a gift from Okawaru
  9571 | Lair:2   | 9571 ||| DROPPING scarf of shadows.
  9676 | Lair:3   | Found a staircase to the Swamp.
  9701 | Lair:3   | Found a staircase to the Snake Pit.
  9850 | Lair:3   | Noticed a seven-headed hydra
  9851 | Lair:3   | 9851 ||| INVOKING Heroism.
  9857 | Lair:3   | Killed a seven-headed hydra
 10264 | Lair:3   | 10264 ||| UPGRADING to +0 pair of gloves.
 10269 | Lair:3   | 10269 ||| DROPPING amulet of guardian spirit.
 10317 | Lair:4   | Found a viscous altar of Jiyva.
 10318 | Lair:4   | 10318 ||| INVOKING Heroism.
 10342 | Lair:4   | Reached skill level 6 in Armour
 10366 | Lair:4   | 10366 ||| INVOKING Heroism.
 10368 | Lair:4   | Reached XP level 13. HP: 77/82 MP: 17/20
 10407 | Lair:4   | Found a staircase to the Slime Pits.
 10452 | Lair:4   | 10452 ||| INVOKING Heroism.
 10465 | Lair:4   | Reached skill level 16 in Ranged Weapons
 10873 | Lair:4   | 10873 ||| INVOKING Heroism.
 10974 | Lair:4   | 10974 ||| READING scroll of enchant armour.
 10974 | Lair:4   | 10974 ||| ENCHANTING +1 acid dragon scales.
 10997 | Lair:4   | 10997 ||| INVOKING Heroism.
 11156 | Lair:4   | 11156 ||| INVOKING Heroism.
 11159 | Lair:4   | Reached skill level 12 in Fighting
 11247 | Lair:4   | 11247 ||| DRINKING 2 dark potions.
 11251 | Lair:5   | Entered Level 5 of the Lair of Beasts
 11252 | Lair:5   | 11252 ||| INVOKING Heroism.
 11323 | Lair:5   | Reached skill level 6 in Dodging
 11394 | Lair:5   | 11394 ||| INVOKING Heroism.
 11398 | Lair:5   | 11398 ||| INVOKING Finesse.
 11447 | Lair:5   | 11447 ||| INVOKING Finesse.
 11466 | Lair:5   | 11466 ||| INVOKING Heroism.
 11583 | Lair:5   | 11583 ||| INVOKING Heroism.
 11669 | Lair:5   | 11669 ||| INVOKING Heroism.
 11679 | Lair:5   | Received a gift from Okawaru
 11680 | Lair:5   | Gained mutation: Your large and strong wings let you fly.
                  | [Gargoyle growth]
 11680 | Lair:5   | Reached XP level 14. HP: 94/94 MP: 19/21
 11714 | Lair:5   | 11714 ||| INVOKING Heroism.
 11715 | Lair:5   | 11715 ||| INVOKING Finesse.
 11852 | Lair:5   | 11852 ||| INVOKING Heroism.
 11896 | Lair:5   | 11896 ||| INVOKING Heroism.
 11947 | Lair:5   | Reached skill level 9 in Armour
 11954 | Lair:5   | 11954 ||| INVOKING Finesse.
 11967 | Lair:5   | 11967 ||| INVOKING Heroism.
 11978 | Lair:5   | HP: 21/94 [elephant (8)]
 11979 | Lair:5   | 11979 ||| READING 7 scrolls of teleportation.
 11980 | Lair:5   | 11980 ||| DRINKING 2 potions of heal wounds.
 11984 | Lair:5   | 11984 ||| FLEEEEING.
 11985 | Lair:5   | 11985 ||| FLEEEEING.
 11986 | Lair:5   | 11986 ||| FLEEEEING.
 11987 | Lair:5   | 11987 ||| FLEEEEING.
 11988 | Lair:5   | 11988 ||| STAIRDANCE
 12137 | Lair:4   | 12137 ||| DROPPING ring of protection from cold.
 12138 | Lair:4   | 12138 ||| UPGRADING to +6 ring of dexterity.
 12144 | Lair:5   | 12144 ||| INVOKING Heroism.
 12183 | Lair:5   | 12183 ||| INVOKING Heroism.
 12386 | Lair:5   | Found a runed translucent door.
 12434 | Lair:5   | 12434 ||| INVOKING Heroism.
 12541 | Lair:5   | Noticed qw's ghost (journeyman GrFi)
 12832 | Lair:5   | 12832 ||| DROPPING ring of willpower.
 12859 | Lair:5   | 12859 ||| READING scroll of enchant weapon.
 12859 | Lair:5   | 12859 ||| ENCHANTING +5 orcbow of draining.
 13179 | Lair:5   | 13179 ||| PLANNING D:1-11
 13348 | D:11     | Found a stormy altar of Qazlal.
 13393 | D:11     | Noticed Fannar
 13399 | D:11     | Killed Fannar
 13400 | D:11     | Reached skill level 9 in Dodging
 13462 | D:11     | Found a runed translucent gate.
 13464 | D:11     | Found an opulent altar of Gozag.
 13465 | D:11     | Found a runed translucent gate.
 13465 | D:11     | Found a runed translucent gate.
 13466 | D:11     | Found Jereoff's Assorted Antiques.
 13466 | D:11     | Noticed a sphinx
 13467 | D:11     | Noticed qw's ghost (journeyman GrFi)
 13533 | D:11     | Identified the +11 arbalest of Starshine {speed, Str+4}
 13535 | D:11     | 13535 ||| SWAPPING to +11 arbalest of Starshine {speed,
                  | Str+4}.
 13536 | D:11     | 13536 ||| DROPPING +0 arbalest.
 13537 | D:11     | Noticed Erica
 13538 | D:11     | 13538 ||| INVOKING Heroism.
 13539 | D:11     | 13539 ||| INVOKING Finesse.
 13543 | D:11     | Killed Erica
 13682 | D:11     | Found a basalt altar of Yredelemnul.
 14048 | D:11     | 14048 ||| PLANNING LAIR
 14199 | Lair:5   | 14199 ||| PLANNING D:1-11
 14369 | D:11     | 14369 ||| PLANNING LAIR
 14528 | Lair:5   | 14528 ||| PLANNING D:1-11
 14710 | D:11     | 14710 ||| PLANNING LAIR
 14928 | Lair:5   | 14928 ||| PLANNING D:1-11
 15126 | D:11     | 15126 ||| PLANNING LAIR
 15374 | Lair:5   | 15374 ||| PLANNING D:1-11
 15570 | D:11     | 15570 ||| PLANNING LAIR
 15765 | Lair:5   | 15765 ||| PLANNING D:1-11
 15930 | D:11     | 15930 ||| PLANNING LAIR
 16129 | Lair:5   | 16129 ||| PLANNING D:1-11
 16335 | D:11     | 16335 ||| PLANNING LAIR
 16542 | Lair:5   | 16542 ||| PLANNING D:1-11
 16742 | D:11     | 16742 ||| PLANNING LAIR
 16969 | Lair:5   | 16969 ||| PLANNING D:1-11
 17149 | D:11     | 17149 ||| PLANNING LAIR
 17386 | Lair:5   | 17386 ||| PLANNING D:1-11
 17594 | D:11     | 17594 ||| PLANNING LAIR
 17746 | Lair:5   | 17746 ||| PLANNING D
 17893 | Lair:5   | 17893 ||| PLANNING LAIR
 17935 | Lair:5   | 17935 ||| PLANNING D
 17979 | Lair:5   | 17979 ||| PLANNING LAIR
 18025 | Lair:5   | 18025 ||| PLANNING D
 18069 | Lair:5   | 18069 ||| PLANNING LAIR
 18115 | Lair:5   | 18115 ||| PLANNING D
 18183 | Lair:5   | 18183 ||| PLANNING LAIR
 18247 | Lair:5   | 18247 ||| PLANNING D
 18307 | Lair:5   | 18307 ||| PLANNING LAIR
 18363 | Lair:5   | 18363 ||| PLANNING D
 18432 | Lair:5   | 18432 ||| PLANNING LAIR
 18502 | Lair:5   | 18502 ||| Stepping randomly (stuck).
 18503 | Lair:5   | 18503 ||| PLANNING D
 18650 | D:12     | Found a gate leading to a gauntlet.
 18651 | D:12     | 18651 ||| PLANNING GAUNTLET
 18658 | Gauntlet | Entered a Gauntlet
 18658 | Gauntlet | Found a transporter.
 18658 | Gauntlet | Found a runed translucent door.
 18668 | Gauntlet | Found a runed translucent door.
 18670 | Gauntlet | Found a transporter.
 18673 | Gauntlet | Found a transporter.
 18674 | Gauntlet | Found a transporter.
 18683 | Gauntlet | Found a transporter.
 18687 | Gauntlet | Found a transporter.
 18688 | Gauntlet | Found a transporter.
 18697 | Gauntlet | Found a transporter.
 18700 | Gauntlet | Found a transporter.
 18701 | Gauntlet | Found a transporter.
 18709 | Gauntlet | Found a transporter.
 18712 | Gauntlet | Found a transporter.
 18713 | Gauntlet | Found a transporter.
 18721 | Gauntlet | Found a transporter.
 18831 | Gauntlet | 18831 ||| READING scroll labelled EBUOZU YSTROL.
 18948 | Gauntlet | Identified the ring of Vamoetall {rCorr Str+3 Int+6 Stlth-}
 18949 | Gauntlet | 18949 ||| INVOKING Heroism.
 18973 | Gauntlet | Identified the +2 robe "Taaxu" {+Blink Will- Int+5 Dex+2}
 19002 | Gauntlet | 19002 ||| DROPPING +2 robe "Taaxu" {+Blink Will- Int+5
                  | Dex+2}.
 19012 | D:12     | 19012 ||| PLANNING D
 19018 | D:12     | 19018 ||| READING scroll of enchant armour.
 19018 | D:12     | 19018 ||| ENCHANTING +2 acid dragon scales.
 19107 | D:12     | 19107 ||| Stepping randomly (disturbance).
 19108 | D:12     | 19108 ||| Stepping randomly (disturbance).
 19109 | D:12     | 19109 ||| Stepping randomly (disturbance).
 19110 | D:12     | 19110 ||| Stepping randomly (disturbance).
 19669 | D:13     | 19669 ||| STAIRDANCE
 19677 | D:12     | Identified the +7 longbow "Goblin's Funeral" {elec, rF-
                  | Int+4 Dex+4} (Okawaru gifted it to you on level 12 of the
                  | Dungeon)
 19677 | D:12     | Received a gift from Okawaru
 19678 | D:12     | Reached skill level 17 in Ranged Weapons
 19707 | D:12     | 19707 ||| SWAPPING to +7 longbow "Goblin's Funeral" {elec,
                  | rF- Int+4 Dex+4}.
 19724 | D:13     | 19724 ||| FLEEEEING.
 19725 | D:13     | 19725 ||| STAIRDANCE
 19776 | D:13     | Reached XP level 15. HP: 99/99 MP: 22/22
 19940 | D:13     | 19940 ||| INVOKING Heroism.
 20040 | D:13     | 20040 ||| Stepping ~*~*~tactically~*~*~ (outnumbered).
 20100 | D:13     | Identified the +0 chain mail "Nipief Naw" {rF+}
 20113 | D:13     | Reached skill level 18 in Ranged Weapons
 20150 | D:13     | Noticed Sonja
 20151 | D:13     | 20151 ||| INVOKING Finesse.
 20157 | D:13     | Killed Sonja
 20188 | D:13     | Found a gate to the Vaults.
 20213 | D:13     | 20213 ||| READING 10 scrolls of identify.
 20213 | D:13     | 20213 ||| IDENTIFYING black potion
 20228 | D:13     | 20228 ||| INVOKING Heroism.
 20413 | D:13     | Received a gift from Okawaru
 20765 | D:14     | 20765 ||| INVOKING Heroism.
 20771 | D:14     | Noticed a fire giant
 20772 | D:14     | 20772 ||| INVOKING Finesse.
 20782 | D:14     | Killed a fire giant
 21008 | D:14     | 21008 ||| INVOKING Heroism.
 21171 | D:14     | Reached skill level 19 in Ranged Weapons
 21266 | D:14     | 21266 ||| INVOKING Heroism.
 21267 | D:14     | 21267 ||| READING 10 scrolls of teleportation.
 21613 | D:14     | 21613 ||| UPGRADING to +0 helmet.
 21630 | D:15     | Entered Level 15 of the Dungeon
 21660 | D:15     | Found a staircase to the Depths.
 21660 | D:15     | Noticed a fire giant
 21661 | D:15     | 21661 ||| INVOKING Heroism.
 21662 | D:15     | 21662 ||| INVOKING Finesse.
 21669 | D:15     | Killed a fire giant
 21887 | D:15     | 21887 ||| Stepping ~*~*~tactically~*~*~ (outnumbered).
 21889 | D:15     | 21889 ||| Stepping ~*~*~tactically~*~*~ (outnumbered).
 21892 | D:15     | 21892 ||| Stepping ~*~*~tactically~*~*~ (outnumbered).
 21893 | D:15     | 21893 ||| Stepping ~*~*~tactically~*~*~ (outnumbered).
 22000 | D:15     | Found a shimmering blue altar of Sif Muna.
 22164 | D:15     | 22164 ||| PLANNING ORC
 22164 | D:15     | 22164 ||| DROPPING amulet of the acrobat.
 22250 | Orc:1    | Entered Level 1 of the Orcish Mines
 22265 | Orc:1    | 22265 ||| INVOKING Heroism.
 22327 | Orc:1    | Noticed Nergalle
 22330 | Orc:1    | Killed Nergalle
 22509 | Orc:2    | Entered Level 2 of the Orcish Mines
 22538 | Orc:2    | 22538 ||| Stepping ~*~*~tactically~*~*~ (outnumbered).
 22540 | Orc:2    | 22540 ||| Stepping ~*~*~tactically~*~*~ (outnumbered).
 22542 | Orc:2    | 22542 ||| Stepping ~*~*~tactically~*~*~ (outnumbered).
 22544 | Orc:2    | 22544 ||| Stepping ~*~*~tactically~*~*~ (outnumbered).
 22546 | Orc:2    | 22546 ||| Stepping ~*~*~tactically~*~*~ (outnumbered).
 22548 | Orc:2    | 22548 ||| Stepping ~*~*~tactically~*~*~ (outnumbered).
 22696 | Orc:2    | Received a gift from Okawaru
 22698 | Orc:2    | 22698 ||| DROPPING +6 orcbow of draining.
 22743 | Orc:2    | 22743 ||| READING scroll of enchant armour.
 22743 | Orc:2    | 22743 ||| ENCHANTING +3 acid dragon scales.
 22752 | Orc:2    | 22752 ||| Stepping ~*~*~tactically~*~*~ (outnumbered).
 22754 | Orc:2    | 22754 ||| Stepping ~*~*~tactically~*~*~ (outnumbered).
 22756 | Orc:2    | 22756 ||| Stepping ~*~*~tactically~*~*~ (outnumbered).
 22776 | Orc:2    | 22776 ||| FLEEEEING.
 22777 | Orc:2    | 22777 ||| FLEEEEING.
 22778 | Orc:2    | 22778 ||| FLEEEEING.
 22779 | Orc:2    | 22779 ||| FLEEEEING.
 22780 | Orc:2    | 22780 ||| FLEEEEING.
 22781 | Orc:2    | 22781 ||| FLEEEEING.
 22782 | Orc:2    | 22782 ||| FLEEEEING.
 22783 | Orc:2    | 22783 ||| FLEEEEING.
 22784 | Orc:2    | 22784 ||| FLEEEEING.
 22786 | Orc:2    | 22786 ||| FLEEEEING.
 22787 | Orc:2    | 22787 ||| FLEEEEING.
 22790 | Orc:2    | 22790 ||| FLEEEEING.
 22852 | Orc:2    | Noticed an orc warlord
 22855 | Orc:2    | 22855 ||| INVOKING Heroism.
 22856 | Orc:2    | 22856 ||| INVOKING Finesse.
 22866 | Orc:2    | Killed an orc warlord
 22930 | Orc:2    | 22930 ||| INVOKING Heroism.
 22961 | Orc:2    | 22961 ||| INVOKING Heroism.
 22961 | Orc:2    | HP: 12/99 [sun demon[an orc high priest] (28)]
 22962 | Orc:2    | 22962 ||| READING 10 scrolls of teleportation.
 22963 | Orc:2    | 22963 ||| DRINKING 4 potions of heal wounds.
 23159 | Orc:2    | 23159 ||| INVOKING Heroism.
 23168 | Orc:2    | Reached skill level 20 in Ranged Weapons
 23168 | Orc:2    | Reached XP level 16. HP: 104/104 MP: 21/23
 23187 | Orc:2    | 23187 ||| Stepping ~*~*~tactically~*~*~ (outnumbered).
 23188 | Orc:2    | 23188 ||| Stepping ~*~*~tactically~*~*~ (outnumbered).
 23257 | Orc:2    | 23257 ||| INVOKING Heroism.
 23378 | Orc:2    | 23378 ||| INVOKING Heroism.
 23412 | Orc:2    | Found Votip's Book Emporium.
 23423 | Orc:2    | Found Ywolif's Weapon Shoppe.
 23428 | Orc:2    | 23428 ||| INVOKING Heroism.
 23837 | Orc:2    | Found a staircase to the Elven Halls.
 23874 | Orc:2    | 23874 ||| INVOKING Heroism.
 23875 | Orc:2    | 23875 ||| Stepping ~*~*~tactically~*~*~ (outnumbered).
 23876 | Orc:2    | 23876 ||| Stepping ~*~*~tactically~*~*~ (outnumbered).
 23886 | Orc:2    | 23886 ||| Stepping ~*~*~tactically~*~*~ (outnumbered).
 23888 | Orc:2    | 23888 ||| Stepping ~*~*~tactically~*~*~ (outnumbered).
 23890 | Orc:2    | 23890 ||| Stepping ~*~*~tactically~*~*~ (outnumbered).
 23896 | Orc:2    | 23896 ||| Stepping ~*~*~tactically~*~*~ (outnumbered).
 23899 | Orc:2    | 23899 ||| Stepping ~*~*~tactically~*~*~ (outnumbered).
 24041 | Orc:2    | 24041 ||| INVOKING Heroism.
 24122 | Orc:2    | 24122 ||| INVOKING Heroism.
 24175 | Orc:2    | Found Bocu's Book Boutique.
 24205 | Orc:2    | 24205 ||| INVOKING Heroism.
 24219 | Orc:2    | Found Raxtie's Magic Scroll Emporium.
 24228 | Orc:2    | 24228 ||| BUYING scroll of enchant armour (97 gold).
 24228 | Orc:2    | Bought a scroll of enchant armour for 97 gold pieces
 24228 | Orc:2    | 24228 ||| BUYING scroll of enchant weapon (97 gold).
 24228 | Orc:2    | Bought a scroll of enchant weapon for 97 gold pieces
 24228 | Orc:2    | 24228 ||| READING scroll of enchant armour.
 24228 | Orc:2    | 24228 ||| ENCHANTING +4 acid dragon scales.
 24318 | Orc:2    | 24318 ||| PLANNING SNAKE:1-3
 24318 | Orc:2    | 24318 ||| DROPPING +1 robe of cold resistance.
 24319 | Orc:2    | 24319 ||| DROPPING +0 troll leather armour.
 24320 | Orc:2    | 24320 ||| DROPPING ring of fire.
 24450 | Snake:1  | Entered Level 1 of the Snake Pit
 24800 | Snake:1  | Identified the +5 robe "Sugil" {Will+ Str+3 Stlth-}
 24803 | Snake:1  | Found Gux Gusch's Assorted Antiques.
 24806 | Snake:1  | 24806 ||| BUYING pair of embroidered gloves (202 gold).
 24806 | Snake:1  | Bought a pair of embroidered gloves for 202 gold pieces
 24806 | Snake:1  | 24806 ||| BUYING potion of haste (270 gold).
 24806 | Snake:1  | Bought a potion of haste for 270 gold pieces
 24806 | Snake:1  | 24806 ||| SHOPLISTING scroll of acquirement (1404 gold,
                  | have 910).
 25016 | Snake:1  | 25016 ||| INVOKING Heroism.
 25017 | Snake:1  | 25017 ||| Stepping ~*~*~tactically~*~*~ (outnumbered).
 25290 | Snake:1  | 25290 ||| UPGRADING to +2 pair of gloves of hurling.
 25300 | Snake:1  | 25300 ||| DROPPING +0 pair of gloves.
 25388 | Snake:2  | 25388 ||| INVOKING Heroism.
 25482 | Snake:2  | 25482 ||| FLEEEEING.
 25483 | Snake:2  | 25483 ||| FLEEEEING.
 25484 | Snake:2  | 25484 ||| FLEEEEING.
 25485 | Snake:2  | 25485 ||| FLEEEEING.
 25486 | Snake:2  | 25486 ||| STAIRDANCE
 25575 | Snake:2  | 25575 ||| Stepping ~*~*~tactically~*~*~ (outnumbered).
 25577 | Snake:2  | 25577 ||| Stepping ~*~*~tactically~*~*~ (outnumbered).
 25593 | Snake:2  | Reached skill level 15 in Fighting
 25642 | Snake:2  | 25642 ||| Stepping ~*~*~tactically~*~*~ (outnumbered).
 26486 | Snake:3  | Found Vonin's Armour Shoppe.
 26494 | Snake:3  | 26494 ||| BUYING +1 ring mail of cold resistance (208
                  | gold).
 26494 | Snake:3  | Bought a +1 ring mail of cold resistance for 208 gold
                  | pieces
 26523 | Snake:3  | 26523 ||| Stepping ~*~*~tactically~*~*~ (outnumbered).
 26529 | Snake:3  | 26529 ||| Stepping ~*~*~tactically~*~*~ (outnumbered).
 26532 | Snake:3  | 26532 ||| Stepping ~*~*~tactically~*~*~ (outnumbered).
 26631 | Snake:3  | 26631 ||| INVOKING Heroism.
 26693 | Snake:3  | Reached XP level 17. HP: 113/113 MP: 24/24
 26834 | Snake:3  | Reached ****** piety under Okawaru
 26951 | Snake:3  | 26951 ||| PLANNING SWAMP:1-3
 27080 | Swamp:1  | Entered Level 1 of the Swamp
 27092 | Swamp:1  | 27092 ||| STAIRDANCE
 27150 | Swamp:1  | 27150 ||| INVOKING Heroism.
 27410 | Swamp:1  | Received a gift from Okawaru
 27446 | Swamp:1  | 27446 ||| INVOKING Heroism.
 27710 | Swamp:2  | 27710 ||| STAIRDANCE
 27814 | Swamp:2  | 27814 ||| STAIRDANCE
 27887 | Swamp:2  | 27887 ||| INVOKING Heroism.
 27910 | Swamp:2  | 27910 ||| INVOKING Heroism.
 27925 | Swamp:2  | 27925 ||| STAIRDANCE
 28087 | Swamp:2  | 28087 ||| INVOKING Heroism.
 28181 | Swamp:2  | Reached skill level 12 in Dodging
 28205 | Swamp:2  | Found a white marble altar of Elyvilon.
 28251 | Swamp:2  | 28251 ||| INVOKING Heroism.
 28320 | Swamp:2  | 28320 ||| READING scroll of enchant armour.
 28320 | Swamp:2  | 28320 ||| ENCHANTING +5 acid dragon scales.
 28359 | Swamp:2  | 28359 ||| INVOKING Heroism.
 28360 | Swamp:2  | 28360 ||| INVOKING Finesse.
 28484 | Swamp:2  | 28484 ||| INVOKING Heroism.
 28485 | Swamp:2  | 28485 ||| INVOKING Finesse.
 28666 | Swamp:2  | 28666 ||| DROPPING +1 ring mail of cold resistance.
 28674 | Swamp:3  | 28674 ||| INVOKING Heroism.
 28684 | Swamp:3  | Noticed Jorgrun
 28687 | Swamp:3  | 28687 ||| STAIRDANCE
 28687 | Swamp:3  | HP: 24/116 [spriggan rider/+0 spear (10)]
 28946 | Swamp:3  | 28946 ||| INVOKING Heroism.
 28955 | Swamp:3  | HP: 29/116 [constriction (13)]
 28956 | Swamp:3  | 28956 ||| READING 10 scrolls of teleportation.
 28957 | Swamp:3  | 28957 ||| STAIRDANCE
 28961 | Swamp:2  | HP: 10/116 [will-o-the-wisp/foxfire (21)]
 28962 | Swamp:2  | 28962 ||| READING 9 scrolls of teleportation.
 28963 | Swamp:2  | 28963 ||| DRINKING 3 potions of heal wounds.
 28964 | Swamp:2  | 28964 ||| DRINKING 2 potions of heal wounds.
 28976 | Swamp:2  | Killed Jorgrun
 29050 | Swamp:2  | 29050 ||| INVOKING Heroism.
 29163 | Swamp:3  | 29163 ||| INVOKING Heroism.
 29206 | Swamp:3  | Noticed a tentacled monstrosity
 29207 | Swamp:3  | 29207 ||| INVOKING Finesse.
 29215 | Swamp:3  | Killed a tentacled monstrosity
 29400 | Swamp:3  | Received a gift from Okawaru
 29410 | Swamp:3  | 29410 ||| INVOKING Heroism.
 29455 | Swamp:3  | 29455 ||| INVOKING Heroism.
 29544 | Swamp:3  | Reached skill level 12 in Armour
 29648 | Swamp:3  | 29648 ||| PLANNING SNAKE:4
 29648 | Swamp:3  | 29648 ||| UPGRADING to +2 hat of stealth.
 29658 | Swamp:3  | 29658 ||| DROPPING +0 helmet.
 29817 | Snake:4  | Entered Level 4 of the Snake Pit
 29817 | Snake:4  | Found a burning altar of Makhleb.
 29818 | Snake:4  | 29818 ||| Stepping ~*~*~tactically~*~*~ (outnumbered).
 29819 | Snake:4  | 29819 ||| INVOKING Heroism.
 29829 | Snake:4  | 29829 ||| Stepping ~*~*~tactically~*~*~ (outnumbered).
 29889 | Snake:4  | 29889 ||| INVOKING Heroism.
 29890 | Snake:4  | 29890 ||| Stepping ~*~*~tactically~*~*~ (outnumbered).
 29892 | Snake:4  | 29892 ||| Stepping ~*~*~tactically~*~*~ (outnumbered).
 29924 | Snake:4  | 29924 ||| INVOKING Heroism.
 30062 | Snake:4  | Found a shadowy altar of Dithmenos.
 30160 | Snake:4  | 30160 ||| INVOKING Heroism.
 30171 | Snake:4  | Reached XP level 18. HP: 124/124 MP: 23/25
 30195 | Snake:4  | Found a frozen archway.
 30252 | Snake:4  | Reached skill level 18 in Fighting
 30277 | Snake:4  | 30277 ||| INVOKING Heroism.
 30379 | Snake:4  | 30379 ||| INVOKING Heroism.
 30441 | Snake:4  | 30441 ||| FLEEEEING.
 30466 | Snake:4  | 30466 ||| INVOKING Heroism.
 30502 | Snake:4  | 30502 ||| INVOKING Heroism.
 30505 | Snake:4  | 30505 ||| Stepping ~*~*~tactically~*~*~ (outnumbered).
 30514 | Snake:4  | Received a gift from Okawaru
 30523 | Snake:4  | HP: 20/125 [naga warrior/+0 flail (13)]
 30524 | Snake:4  | 30524 ||| READING 9 scrolls of teleportation.
 30525 | Snake:4  | 30525 ||| DRINKING potion of heal wounds.
 30526 | Snake:4  | HP: 5/125 [salamander/+0 halberd (21)]
 30529 | Snake:4  | 30529 ||| READING 8 scrolls of teleportation.
 30534 | Snake:4  | Slain by a naga warrior

Levels and vault maps discovered:
D:1:      dpeg_arrival_prison, layout_basic
D:2:      layout_rooms, basic_altar
D:3:      layout_basic, mainiacjoe_overflow_boulevard,
          nicolae_elyvilon_temple_path, nicolae_gozag_zags_fifth_avenue,
          mainiacjoe_overflow_brackets, ebering_ghost_disaster_area
D:4:      layout_loops_ring, grunt_temple_overflow_open, serial_shops,
          nicolae_shop_tiny_glass
D:5:      layout_loops_ring, lemuel_coloured_pillars_altar
D:6:      layout_loops_ring, grunt_temple_overflow_growth_and_decay,
          temple_statues
D:7:      layout_rooms, nicolae_uskayaw_murder_on_the_dancefloor, serial_shops,
          nicolae_take_the_stairs, ebering_ghost_inner_flame
D:8:      layout_basic, makhleb_altar_promises_db,
          nicolae_ru_great_annihilating_truth, enter_ossuary_1,
          minmay_misc_feat_encased, grunt_decor_one_mirror, uniq_maggie,
          uniq_psyche
D:9:      layout_loops_corners, kennysheep_little_box, orc_david_3
D:10:     layout_loops_ring, slow_altar_1, due_lair_maze_entry_diamond,
          trove_entry_hex_spiral
D:11:     layout_loops_cross, ebering_ghost_gozag, hangedman_feature_mirror,
          uniq_erica, uniq_fannar
D:12:     layout_loops_ring, gauntlet_entry_generic, serial_bayou_pond_d
D:13:     layout_cave_pools, david_vaults_1, minmay_misc_feat_plants,
          einodemon_crawler_minivault, uniq_sonja
D:14:     minmay_textured_paths, layout_stronghold, dk_noncrumbling_3
D:15:     grunt_enter_depths_giant_problem, layout_gridville, led_sif_pool,
          serial_bayou_crossing
Lair:1:   layout_cellular_growth, enter_volcano_3, lemuel_fruit_fields,
          uniq_urug
Lair:2:   layout_hall_layers, chequers_serial_rivers_small_b,
          grunt_megastairs_2, lemuel_fruit_tree, uniq_harold
Lair:3:   layout_long_grid, swamp_mist, minmay_snake_entry_guardpost_small
Lair:4:   layout_roguey [special_room_mythical_zoo], minmay_slime_entry_pillars,
          serial_bayou_shore_b, serial_bayou_shore_b
Lair:5:   minmay_lair_end_enchanted_forest, layout_gridlike,
          ebering_ghost_reflecting_pool, serial_bayou, serial_bayou_pond_d,
          serial_bayou_pond_c, serial_bayou_shore_a, serial_bayou_lagoon_a,
          grunt_forest_small_clearings, lemuel_fruit_fields
Swamp:1:  layout_basic_swamp, hangedman_swamp_lotus, swamp_pool5
Swamp:2:  cheibrodos_swamp_tower_of_moss, layout_basic_swamp, basic_altar,
          hangedman_swamp_grove, infiniplex_staircase_pool_2
Swamp:3:  layout_basic_swamp, serial_swamp_ruin, evilmike_swamp_ruin_house_6,
          evilmike_swamp_ruin_house_1, uniq_jorgrun
Snake:1:  layout_basic, serial_shops, nicolae_shop_pleasant_corner_grove,
          grunt_megastairs_3
Snake:2:  layout_onion, grunt_megastairs_4
Snake:3:  layout_misc_corridors, serial_shops, shop
Snake:4:  minmay_snake_end_coiled, layout_onion_interference,
          portal_ice_cave_entry_horrid_things, serial_bayou_pond_a,
          hangedman_feature_mirror
Orc:1:    layout_caves, uniq_nergalle
Orc:2:    pubby_orc_utopia

Skill      XL: |  1  2  3  4  5  6  7  8  9 10 11 12 13 14 15 16 17 18 |
---------------+-------------------------------------------------------+-----
Armour         | 1 2 3 4 5 6 8 9 11 12 | 12.0
Ranged Weapons | 5 6 7 8 9 11 13 14 15 16 17 20 | 20.0
Fighting       | 3 4 5 6 7 9 10 13 15 17 18 | 18.0
Invocations    | 1 4 8 10 | 10.0
Dodging        | 2 3 4 5 6 9 11 12 13 | 13.0
Stealth        | |  1.1

Action                     |  1- 3 |  4- 6 |  7- 9 | 10-12 | 13-15 | 16-18 || total
---------------------------+-------+-------+-------+-------+-------+-------++-------
   Fire: Shortbow          |   115 |    31 |       |       |       |       ||   146
         Orcbow            |       |   108 |   299 |   737 |   717 |       ||  1861
         Arbalest          |       |       |       |       |   198 |       ||   198
         Longbow           |       |       |       |       |   460 |  1080 ||  1540
 Invoke: Heroism           |       |       |    10 |    23 |    29 |    32 ||    94
         Finesse           |       |       |       |     1 |     9 |     3 ||    13
    Use: Scroll            |     4 |     6 |     4 |    16 |     9 |     6 ||    45
         Potion            |       |     3 |     3 |     1 |     3 |     3 ||    13
 Armour: Leather armour    |     4 |       |       |       |       |       ||     4
         Ring mail         |    17 |    26 |   115 |       |       |       ||   158
         Robe              |       |       |       |    65 |       |       ||    65
         Acid dragon scale |       |       |       |   151 |   271 |   238 ||   660
  Dodge: Dodged            |    24 |    31 |   112 |   283 |   534 |   541 ||  1525
  Block: Other             |       |       |       |    60 |   146 |   104 ||   310
         Reflection        |       |       |       |     3 |     8 |     4 ||    15

Table legend:
 A = Non-vault XP
 B = Vault XP
 C = Vault XP percentage of total XP
 D = Non-vault monster count
 E = Vault monster count
 F = Vault count percentage of total count
                 A         B        C        D         E       F
            +---------+---------+-------+---------+---------+-------
      Total |  176212 |   89034 |  33.6 |     627 |     367 |  36.9
            +---------+---------+-------+---------+---------+-------
        D:1 |      29 |       2 |   6.5 |      18 |       1 |   5.3
        D:2 |      81 |       0 |   0.0 |      24 |       0 |   0.0
        D:3 |      54 |       0 |   0.0 |      19 |       0 |   0.0
        D:4 |      34 |       0 |   0.0 |       6 |       0 |   0.0
        D:5 |     296 |       0 |   0.0 |      11 |       0 |   0.0
        D:6 |    1126 |       0 |   0.0 |      17 |       0 |   0.0
        D:7 |    1867 |       0 |   0.0 |      39 |       0 |   0.0
        D:8 |    1670 |     777 |  31.8 |      31 |       6 |  16.2
        D:9 |    1168 |     136 |  10.4 |      16 |       3 |  15.8
       D:10 |    2062 |    1628 |  44.1 |      20 |      12 |  37.5
       D:11 |    3414 |    1913 |  35.9 |      22 |       4 |  15.4
       D:12 |    6346 |       0 |   0.0 |      23 |       0 |   0.0
       D:13 |   12106 |    5857 |  32.6 |      29 |      10 |  25.6
       D:14 |    5769 |    4329 |  42.9 |      16 |       6 |  27.3
       D:15 |    5986 |    1286 |  17.7 |      13 |       1 |   7.1
     Lair:1 |    3678 |    1088 |  22.8 |      14 |       3 |  17.6
     Lair:2 |    9197 |    1401 |  13.2 |      25 |       3 |  10.7
     Lair:3 |    1715 |     332 |  16.2 |       5 |       2 |  28.6
     Lair:4 |    8128 |    6864 |  45.8 |      31 |      30 |  49.2
     Lair:5 |   18406 |    8500 |  31.6 |      52 |      48 |  48.0
    Swamp:1 |   14426 |    1396 |   8.8 |      31 |       4 |  11.4
    Swamp:2 |    8358 |    6940 |  45.4 |      15 |       6 |  28.6
    Swamp:3 |   18041 |       0 |   0.0 |      28 |       0 |   0.0
    Snake:1 |    7293 |    1326 |  15.4 |      17 |       2 |  10.5
    Snake:2 |   17529 |    3795 |  17.8 |      33 |       9 |  21.4
    Snake:3 |    6424 |       0 |   0.0 |      14 |       0 |   0.0
    Snake:4 |   19061 |   14958 |  44.0 |      36 |      29 |  44.6
      Orc:1 |    1948 |     794 |  29.0 |      22 |       1 |   4.3
      Orc:2 |       0 |   22429 | 100.0 |       0 |     154 | 100.0
    Ossuary |       0 |    1210 | 100.0 |       0 |      28 | 100.0
   Gauntlet |       0 |    2073 | 100.0 |       0 |       5 | 100.0
            +---------+---------+-------+---------+---------+-------
